Map: Dreamcatcher LE

Players

Namshar - Winner!

  • Race: Zerg Zerg
  • League: Master
  • Spawn Location: 11:00

Rogue

  • Race: Zerg Zerg
  • Spawn Location: 5:00

Event: HomeStory Cup XVIII

VOD

Have the link to the VOD?

Description

Time

  • Played on: Nov. 22, 2018, 12:34 p.m.
  • Length: 12:45

All games in this series

Show
View Real Time Build Order
Export as new Build Order

Namshar Zerg - Winner!

Build Orders: Hatch First 

Get SALT Encoding   

  12  0:00  Drone  
  13  0:12  Overlord  
  13  0:17  Drone  
  14  0:30  Drone x2  
  16  0:48  Hatchery  
  15  0:51  Drone  
  15  0:54  Drone  
  17  0:58  Drone  
  18  1:07  Extractor  
  17  1:13  Spawning Pool  
  17  1:16  Drone  
  17  1:20  Drone  
  18  1:28  Drone  
  19  1:38  Drone  
  20  1:49  Drone  
  21  1:59  Drone  
  21  2:00  Queen x2, Overlord  
  26  2:09  Metabolic Boost  
  26  2:12  Drone x2  
  28  2:21  Drone  
  28  2:22  Drone  
  30  2:32  Drone x2  
  32  2:37  Hatchery  
  32  2:43  Baneling Nest  
  31  2:44  Drone  
  31  2:48  Overlord  
  31  2:54  Drone  
  32  3:00  Zergling x2  
  32  3:04  Zergling x2  
  32  3:05  Queen  
  34  3:10  Drone x2  
  34  3:11  Drone  
  34  3:12  Zergling x2  
  40  3:13  Zergling x2  
  40  3:16  Zergling x2  
  40  3:18  Drone  
  43  3:21  Overlord  
  43  3:26  Evolution Chamber  
  42  3:27  Baneling x2  
  42  3:29  Drone  
  42  3:31  Baneling  
  42  3:32  Zergling x2  
  44  3:36  Baneling  
  44  3:39  Queen  
  46  3:43  Zergling x4  
  46  3:48  Zergling x4  
  49  3:52  Zergling x4  
  49  3:58  Zergling x2  
  49  3:59  Zergling x2  
  51  4:04  Overlord  
  51  4:05  Drone  
  51  4:06  Drone x2  
  51  4:08  Zerg Missile Weapons Level 1  
  54  4:12  Baneling  
  54  4:13  Baneling  
  54  4:16  Drone  
  55  4:17  Drone x2  
  55  4:21  Overlord x2  
  55  4:23  Drone  
  56  4:37  Drone  
  57  4:44  Drone  
  57  4:45  Drone  
  56  4:46  Zergling x6  
  56  4:48  Roach Warren  
  56  4:49  Drone  
  56  4:50  Drone x2  
  60  4:54  Extractor, Drone x2  
  60  4:58  Zergling x4  
  62  5:05  Drone x3  
  62  5:06  Overlord  
  62  5:08  Zergling x2  
  62  5:09  Zergling x2  
  62  5:10  Baneling x2  
  62  5:12  Zergling x4  
  66  5:16  Queen  
  66  5:18  Zergling x2  
  66  5:19  Zergling x4  
  66  5:21  Baneling x2  
  70  5:26  Zergling x4  
  56  5:37  Drone  
  56  5:38  Drone x9  
  64  5:46  Roach  
  66  5:50  Roach x2  
  66  5:55  Roach  
  68  5:59  Drone  
  68  6:00  Extractor  
  68  6:03  Roach x4  
  76  6:07  Spine Crawler x2  
  76  6:09  Roach, Spine Crawler  
  75  6:14  Roach, Spine Crawler  
  75  6:16  Roach x3  
  82  6:23  Roach x3  
  82  6:24  Overlord  
  88  6:27  Overlord  
  88  6:31  Baneling  
  88  6:32  Baneling  
  88  6:36  Zergling x2  
  88  6:39  Overlord x2  
  80  6:47  Roach x5  
  88  6:55  Roach x2, Zergling x4  
  88  7:00  Roach x2  
  87  7:02  Zergling x4  
  87  7:03  Zergling x2  
  87  7:05  Roach  
  84  7:11  Roach x2  
  84  7:13  Roach, Zergling x2  
  85  7:16  Roach, Zergling x2  
  85  7:20  Roach, Zergling x2  
  89  7:29  Roach  
  95  7:30  Roach x2  
  95  7:36  Roach x2, Zergling x4  
  93  7:45  Roach x2  
  93  7:49  Queen  
  93  7:51  Overlord  
  97  7:58  Queen  
  99  7:59  Lair  
  99  8:00  Roach  
  99  8:01  Roach x2  
  103  8:07  Overlord  
  103  8:16  Drone x2  
  103  8:17  Drone  
  106  8:20  Extractor  
  106  8:22  Extractor, Zerg Ground Armor Level 1  
  106  8:24  Overlord  
  103  8:27  Drone x2  
  103  8:33  Drone x2  
  107  8:38  Overlord x2  
  106  8:42  Roach  
  106  8:43  Roach x2  
  113  8:48  Ravager  
  113  8:51  Overlord  
  113  8:56  Glial Reconstitution  
  113  8:57  Evolution Chamber, Roach x2  
  113  9:00  Extractor  
  113  9:01  Overlord  
  113  9:02  Queen  
  117  9:09  Drone x3  
  120  9:11  Roach  
  120  9:12  Roach  
  120  9:15  Ravager  
  125  9:20  Roach  
  127  9:28  Ravager x2  
  129  9:33  Roach x4  
  131  9:40  Roach  
  131  9:41  Roach x3  
  122  9:47  Roach x4  
  122  9:51  Roach, Zergling x2  
  116  9:57  Roach  
  116  9:58  Roach  
  106  10:01  Roach x2  
  106  10:04  Roach  
  106  10:07  Roach  
  106  10:12  Roach  
  106  10:13  Roach  
  102  10:15  Zerg Missile Weapons Level 2  
  103  10:21  Ravager x2  
  103  10:27  Roach  
  103  10:28  Roach x3  
  106  10:32  Roach  
  106  10:33  Roach  
  106  10:36  Roach  
  108  10:55  Roach x4  
  108  10:56  Roach  
  108  11:05  Roach x5  
  116  11:13  Roach  
  116  11:14  Roach x4  
  116  11:16  Ravager  
  127  11:23  Roach  
  127  11:24  Roach  
  127  11:25  Ravager  
  132  11:27  Roach  
  132  11:31  Roach  
  136  11:36  Roach x2  
  140  11:45  Roach  
  140  11:46  Roach x3  
  148  11:54  Roach x3  
  154  12:01  Roach  
  154  12:08  Overlord x4  
Show
View Real Time Build Order
Export as new Build Order

Rogue Zerg 

Build Orders: Hatch First 

Get SALT Encoding   

  12  0:00  Drone  
  13  0:12  Overlord  
  13  0:17  Drone  
  14  0:30  Drone x2  
  16  0:47  Hatchery  
  15  0:50  Drone  
  15  0:54  Drone  
  17  0:57  Drone  
  18  1:08  Extractor  
  17  1:12  Spawning Pool  
  17  1:15  Drone  
  17  1:19  Drone  
  18  1:28  Drone  
  19  1:38  Drone  
  20  1:49  Overlord  
  20  1:59  Drone  
  20  2:00  Queen x2, Drone  
  26  2:08  Metabolic Boost  
  26  2:11  Drone x2  
  28  2:21  Drone  
  28  2:22  Drone  
  30  2:34  Hatchery  
  29  2:37  Zergling x4  
  29  2:42  Drone  
  32  2:44  Overlord  
  32  2:54  Zergling x4  
  34  3:04  Baneling Nest  
  33  3:06  Zergling x2  
  33  3:07  Zergling x2  
  33  3:09  Zergling x4  
  33  3:10  Zergling x6  
  33  3:12  Zergling x2  
  41  3:18  Overlord  
  41  3:19  Zergling x2  
  42  3:30  Drone x2  
  44  3:40  Drone x2  
  46  3:41  Drone x2  
  46  3:45  Drone  
  46  3:46  Drone x3  
  48  3:48  Drone  
  46  3:56  Drone x2  
  46  3:57  Zergling x2  
  46  3:58  Queen  
  50  4:04  Drone, Evolution Chamber  
  50  4:10  Zergling x4  
  50  4:15  Extractor x2  
  50  4:16  Baneling x3  
  50  4:20  Baneling x2  
  50  4:21  Zergling x2  
  50  4:22  Zergling x6  
  54  4:29  Drone x2  
  54  4:32  Overlord  
  54  4:37  Zergling x8  
  56  4:38  Zergling x2  
  56  4:45  Zergling x4  
  54  4:47  Zergling x2  
  54  4:50  Roach Warren  
  53  4:54  Zergling x4  
  53  4:58  Drone  
  56  5:06  Queen  
  55  5:08  Overlord x3  
  55  5:12  Baneling x2  
  49  5:30  Roach x6  
  49  5:31  Roach x3  
  63  5:44  Roach x3  
  63  5:45  Roach x2  
  63  5:49  Zergling x4  
  75  5:50  Zergling x2  
  75  5:57  Zergling x4  
  77  6:01  Overlord  
  77  6:03  Zergling x2  
  78  6:06  Baneling x3  
  78  6:07  Zergling x2  
  78  6:10  Zergling x6  
  82  6:14  Ravager  
  82  6:15  Ravager  
  82  6:18  Overlord  
  84  6:19  Zergling x2  
  84  6:22  Ravager x3  
  88  6:25  Zergling x4  
  88  6:28  Zergling x2  
  88  6:31  Ravager, Zergling x4  
  93  6:33  Zergling x2  
  93  6:35  Zergling x2  
  93  6:36  Zergling x2  
  96  6:41  Zergling x2  
  96  6:43  Zergling x2  
  96  6:45  Zergling x6  
  94  6:52  Ravager, Zerg Missile Weapons Level 1  
  94  6:53  Zergling x2  
  94  6:54  Zergling x2  
  94  6:59  Zergling x2  
  93  7:07  Zergling x8  
  93  7:08  Zergling x4  
  94  7:10  Zergling x2  
  85  7:15  Zergling x2  
  82  7:22  Drone  
  82  7:23  Drone x5  
  82  7:25  Drone  
  87  7:32  Ravager x2  
  87  7:33  Ravager x2, Zergling x2  
  87  7:34  Zergling x4  
  94  7:41  Zergling x2  
  94  7:44  Zergling x2  
  87  7:49  Drone x3  
  83  7:52  Drone x2, Evolution Chamber  
  84  7:59  Roach x5  
  84  8:01  Roach  
  84  8:02  Roach  
  99  8:09  Roach x2  
  99  8:12  Overlord  
  100  8:14  Roach  
  102  8:20  Extractor  
  101  8:30  Overlord x3  
  100  8:34  Roach x2  
  104  8:42  Zergling x16  
  104  8:44  Ravager  
  113  8:49  Ravager x4  
  113  8:50  Roach  
  113  8:54  Roach x2  
  113  8:55  Zergling x10  
  128  9:00  Overlord  
  128  9:05  Zergling x10  
  133  9:10  Overlord  
  133  9:12  Roach  
  135  9:20  Roach  
  135  9:22  Ravager x2  
  135  9:24  Roach, Zergling x8  
  141  9:25  Overlord  
  141  9:29  Roach x2  
  141  9:30  Zergling x2  
  150  9:34  Roach x2  
  148  9:41  Roach x2  
  148  9:45  Roach  
  139  9:47  Roach  
  139  9:50  Roach  
  132  9:54  Roach  
  132  9:56  Zergling x10  
  121  10:01  Roach  
  121  10:02  Roach x2  
  121  10:08  Roach x2  
  113  10:14  Roach  
  113  10:17  Roach x2, Zergling x4  
  119  10:25  Roach  
  119  10:26  Roach  
  111  10:31  Roach x3, Zergling x10  
  111  10:32  Zergling x4  
  120  10:36  Extractor  
  120  10:39  Zergling x2  
  120  10:40  Zergling x2  
  120  10:42  Zergling x2  
  120  10:50  Roach  
  120  10:56  Roach x2  
  118  10:59  Lair  
  114  11:07  Roach x2  
  114  11:08  Roach x2, Zergling x10  
  124  11:16  Drone x3  
  124  11:17  Extractor  
  126  11:21  Ravager x2  
  126  11:24  Roach x3  
  134  11:32  Roach x4  
  142  11:36  Overlord  
  142  11:40  Ravager  
  143  11:48  Drone x3  
  143  11:52  Overlord x2  
  146  11:56  Overlord  
  146  11:57  Ravager  
  146  11:58  Ravager  
  147  12:04  Drone x2  
  147  12:05  Drone x3  
  147  12:19  Ravager x3  
  149  12:29  Ravager x2  
Tags
 
Add a new tag
Caveats
  • Supply blocks, unpowered buildings, or Contaminate may cause inaccurate times.
  • Supply counts are checked every 10 seconds.